3L
BUCKHEAD BOWTIES @ HOUSTON 1837 BBC
07/20/2038
 
TOP OF THE 1ST
Buckhead Bowties batting - Pitching for Houston 1837 BBC : RHP Júlio Gutiérrez
Pitching: RHP Júlio Gutiérrez
Batting: LHB Shunso Kiyomizu 0-0: SINGLE (Groundball, 6S, EV 70.6 MPH) (infield hit)
Batting: LHB Jesús Encarnación 0-0: Foul Ball, location: 2F
0-1: Ball
Wild Pitch!
Shunso Kiyomizu to second
1-1: Ball
2-1: Called Strike
2-2: Ball
Passed Ball!
Shunso Kiyomizu to third
3-2: SINGLE (Line Drive, 7LS, EV 90.6 MPH)
Shunso Kiyomizu scores
Batting: LHB Marcus Shill 0-0: Ball
1-0: 2-RUN HOME RUN (Flyball, 89XD, EV 89.4 MPH), Distance : 446 ft
Batting: RHB César Guerra 0-0: Swinging Strike
0-1: Foul Ball, location: 2F
0-2: Ball
1-2: Ball
2-2: Strikes out swinging
Batting: RHB Emílio Agramónte 0-0: Ball
1-0: Ball
2-0: Fly out, F9 (Line Drive, 9, EV 102.5 MPH)
Batting: SHB Arend van der Veen 0-0: Foul Ball, location: 2F
0-1: Ball
1-1: Fly out, F8 (Flyball, 8LXD, EV 98.1 MPH)
Top of the 1st over - 3 runs, 3 hits, 0 errors, 0 left on base; Buckhead 3 - Houston 0
BOTTOM OF THE 1ST
Houston 1837 BBC batting - Pitching for Buckhead Bowties : RHP Oscar Kenselaar
Pitching: RHP Oscar Kenselaar
Batting: RHB Krystof Melichar 0-0: Called Strike
0-1: SINGLE (Groundball, 13S, EV 65.0 MPH) (infield hit)
Batting: LHB César Gómes 0-0: Ball
1-0: Swinging Strike
1-1: Swinging Strike
1-2: Strikes out swinging
Batting: RHB Joey Trifone 0-0: Foul Ball, location: 2F
0-1: Ball
1-1: Ball
Krystof Melichar steals 2nd base
2-1: Ball
3-1: Base on Balls
Batting: LHB Javier Seco 0-0: Swinging Strike
0-1: Ball
1-1: Ball
2-1: Foul Ball, location: 2F
2-2: Ball
3-2: Foul Ball, location: 2F
3-2: Base on Balls
Krystof Melichar to third
Joey Trifone to second
Batting: RHB Phil Sherman 0-0: Ball
1-0: Called Strike
1-1: Ball
2-1: Ball
3-1: Fly out, F7 (Flyball, 7, EV 85.0 MPH)
Batting: SHB José Pinto 0-0: Ball
1-0: Fly out, F7 (Flyball, 7LS, EV 81.2 MPH)
Bottom of the 1st over - 0 runs, 1 hit, 0 errors, 3 left on base; Buckhead 3 - Houston 0
TOP OF THE 2ND
Buckhead Bowties batting - Pitching for Houston 1837 BBC : RHP Júlio Gutiérrez
Pitching: RHP Dino Moonglampers
Batting: RHB Barsati Saraf 0-0: Called Strike
0-1: Ball
1-1: Foul Ball, location: 2F
1-2: Foul Ball, location: 2F
1-2: Ball
2-2: Strikes out swinging
Batting: LHB Badry Maksimenov 0-0: Called Strike
0-1: Foul Ball, location: 2F
0-2: SINGLE (Groundball, 6D, EV 98.8 MPH)
Batting: SHB Henrique de Senna Fernandes 0-0: Ball
1-0: Ball
2-0: Called Strike
2-1: Foul Ball, location: 2F
2-2: Ball
3-2: Base on Balls
Badry Maksimenov to second
Batting: LHB Shunso Kiyomizu 0-0: Ball
1-0: SINGLE (Groundball, 4M, EV 105.6 MPH) (infield hit)
Badry Maksimenov to third
Henrique de Senna Fernandes to second
Batting: LHB Jesús Encarnación 0-0: Ball
1-0: Fly out, F8 (Flyball, 78S, EV 91.2 MPH)
Batting: LHB Marcus Shill 0-0: Called Strike
0-1: Fly out, F9 (Flyball, 9S, EV 85.6 MPH)
Top of the 2nd over - 0 runs, 2 hits, 0 errors, 3 left on base; Buckhead 3 - Houston 0
BOTTOM OF THE 2ND
Houston 1837 BBC batting - Pitching for Buckhead Bowties : RHP Oscar Kenselaar
Batting: RHB Pat Lloyd 0-0: Ball
1-0: Foul Ball, location: 2F
1-1: Ball
2-1: Ball
3-1: Foul Ball, location: 2F
3-2: Base on Balls
Batting: LHB Seung-soo Ch'ae 0-0: Ball
1-0: Swinging Strike
1-1: Ball
2-1: Swinging Strike
2-2: SINGLE (Groundball, 34D, EV 99.4 MPH)
Pat Lloyd to second
Runner from 2nd tries for 3rd, SAFE, no throw by RF
Batting: LHB Carlos Medellín 0-0: Ball
1-0: Called Strike
1-1: Foul Ball, location: 2F
1-2: Ball
2-2: Strikes out swinging
Batting: RHB Krystof Melichar 0-0: Ball
1-0: Ball
2-0: Fielders Choice at 2nd, 1-6 (Groundball, 34S, EV 71.2 MPH)
Batting: LHB César Gómes 0-0: Ball
1-0: Called Strike
1-1: Called Strike
1-2: Fielders Choice at 2nd, U4 (Groundball, 4M, EV 108.8 MPH)
Bottom of the 2nd over - 0 runs, 1 hit, 0 errors, 2 left on base; Buckhead 3 - Houston 0
TOP OF THE 3RD
Buckhead Bowties batting - Pitching for Houston 1837 BBC : RHP Dino Moonglampers
Batting: RHB César Guerra 0-0: Ball
1-0: Called Strike
1-1: Ground out 6-3 (Groundball, 6M, EV 106.2 MPH)
Batting: RHB Emílio Agramónte 0-0: Ball
1-0: SOLO HOME RUN (Flyball, 7LD, EV 89.4 MPH), Distance : 364 ft
Batting: SHB Arend van der Veen 0-0: Ball
1-0: Foul Ball, location: 2F
1-1: Ball
2-1: Ball
3-1: Ground out 4-3 (Groundball, 4, EV 85.6 MPH)
Batting: RHB Barsati Saraf 0-0: Called Strike
0-1: Ground out 4-3 (Groundball, 4, EV 89.4 MPH)
Top of the 3rd over - 1 run, 1 hit, 0 errors, 0 left on base; Buckhead 4 - Houston 0
BOTTOM OF THE 3RD
Houston 1837 BBC batting - Pitching for Buckhead Bowties : RHP Oscar Kenselaar
Batting: RHB Joey Trifone 0-0: Foul Ball, location: 2F
0-1: Ball
1-1: Foul Ball, location: 2F
1-2: Ball
2-2: Foul Ball, location: 2F
2-2: Ball
3-2: Foul Ball, location: 2F
3-2: SINGLE (Groundball, 56D, EV 105.6 MPH)
Batting: LHB Javier Seco 0-0: Grounds into double play, 5-4-3 (Groundball, 56, EV 78.1 MPH)
Batting: RHB Phil Sherman 0-0: Ball
1-0: Foul Ball, location: 2F
1-1: Foul Ball, location: 2F
1-2: Ball
2-2: Strikes out swinging, 2-3 out at first.
Bottom of the 3rd over - 0 runs, 1 hit, 0 errors, 0 left on base; Buckhead 4 - Houston 0
TOP OF THE 4TH
Buckhead Bowties batting - Pitching for Houston 1837 BBC : RHP Dino Moonglampers
Batting: LHB Badry Maksimenov 0-0: Ball
1-0: Called Strike
1-1: Ball
2-1: Fly out, F9 (Flyball, 89M, EV 81.9 MPH)
Batting: SHB Henrique de Senna Fernandes 0-0: Ball
1-0: Ball
2-0: Swinging Strike
2-1: Ball
3-1: SINGLE (Line Drive, 5D, EV 94.4 MPH)
Batting: LHB Shunso Kiyomizu 0-0: Ball
1-0: Fielders Choice at 2nd, 4-6 (Groundball, 34, EV 90.0 MPH)
Batting: LHB Jesús Encarnación 0-0: Ball
1-0: Called Strike
1-1: Foul Ball, location: 2F
1-2: Ground out 4-3 (Groundball, 34D, EV 98.1 MPH)
Top of the 4th over - 0 runs, 1 hit, 0 errors, 1 left on base; Buckhead 4 - Houston 0
BOTTOM OF THE 4TH
Houston 1837 BBC batting - Pitching for Buckhead Bowties : RHP Oscar Kenselaar
Batting: SHB José Pinto 0-0: Called Strike
0-1: Ball
1-1: Ball
2-1: Swinging Strike
2-2: Foul Ball, location: 2F
2-2: Strikes out swinging
Batting: RHB Pat Lloyd 0-0: Ball
1-0: Ball
2-0: Foul Ball, location: 2F
2-1: Foul Ball, location: 2F
2-2: Strikes out looking
Batting: LHB Seung-soo Ch'ae 0-0: Ball
1-0: Called Strike
1-1: Ball
2-1: Fly out, F9 (Flyball, 9, EV 81.9 MPH)
Bottom of the 4th over - 0 runs, 0 hits, 0 errors, 0 left on base; Buckhead 4 - Houston 0
TOP OF THE 5TH
Buckhead Bowties batting - Pitching for Houston 1837 BBC : RHP Dino Moonglampers
Batting: LHB Marcus Shill 0-0: Ball
1-0: Called Strike
1-1: Ball
2-1: Ball
3-1: Base on Balls
Pitching: RHP Omara Moctar
Batting: RHB César Guerra 0-0: Called Strike
0-1: Called Strike
0-2: Strikes out looking
Batting: RHB Emílio Agramónte 0-0: Called Strike
0-1: Ball
1-1: Foul Ball, location: 2F
1-2: Ball
2-2: Ball
3-2: Foul Ball, location: 2F
3-2: Foul Ball, location: 2F
3-2: Fly out, F3 (Popup, 3F, EV 60.6 MPH)
Batting: SHB Arend van der Veen 0-0: Fly out, F3 (Line Drive, 3, EV 75.6 MPH)
Top of the 5th over - 0 runs, 0 hits, 0 errors, 1 left on base; Buckhead 4 - Houston 0
BOTTOM OF THE 5TH
Houston 1837 BBC batting - Pitching for Buckhead Bowties : RHP Oscar Kenselaar
Batting: LHB Carlos Medellín 0-0: Ball
1-0: Foul Ball, location: 2F
1-1: Foul Ball, location: 2F
1-2: Foul Ball, location: 2F
1-2: Foul Ball, location: 2F
1-2: Ball
2-2: Ball
3-2: Base on Balls
Batting: RHB Krystof Melichar 0-0: Grounds into double play, 5-4-3 (Groundball, 56S, EV 90.0 MPH)
Batting: LHB César Gómes 0-0: Foul Ball, location: 2F
0-1: SINGLE (Groundball, 34D, EV 96.9 MPH)
Batting: RHB Joey Trifone 0-0: Called Strike
0-1: Ball
1-1: Fly out, F8 (Flyball, 8LS, EV 82.5 MPH)
Bottom of the 5th over - 0 runs, 1 hit, 0 errors, 1 left on base; Buckhead 4 - Houston 0
TOP OF THE 6TH
Buckhead Bowties batting - Pitching for Houston 1837 BBC : RHP Omara Moctar
Batting: RHB Barsati Saraf 0-0: Called Strike
0-1: Hit by Pitch
Batting: LHB Badry Maksimenov 0-0: Bunt missed!
0-1: Sac Bunt to 15 - play at first, batter OUT! 1-4
Barsati Saraf to second
Batting: SHB Henrique de Senna Fernandes 0-0: Ball
1-0: Ball
2-0: Called Strike
2-1: Ball
3-1: Base on Balls
Batting: LHB Shunso Kiyomizu 0-0: Foul Ball, location: 2F
0-1: Fly out, F7 (Flyball, 78D, EV 90.0 MPH)
Batting: LHB Jesús Encarnación 0-0: Ball
1-0: Ball
2-0: Called Strike
2-1: Fly out, F8 (Flyball, 8LS, EV 86.9 MPH)
Top of the 6th over - 0 runs, 0 hits, 0 errors, 2 left on base; Buckhead 4 - Houston 0
BOTTOM OF THE 6TH
Houston 1837 BBC batting - Pitching for Buckhead Bowties : RHP Oscar Kenselaar
Pitching: LHP Ramón Costello
Batting: LHB Javier Seco 0-0: Called Strike
0-1: Foul Ball, location: 2F
0-2: Ball
1-2: Foul Ball, location: 2F
1-2: Strikes out swinging
Batting: RHB Phil Sherman 0-0: Ball
1-0: Fly out, F9 (Flyball, 9LMF, EV 86.9 MPH)
Batting: SHB José Pinto 0-0: Ball
1-0: Called Strike
1-1: SOLO HOME RUN (Flyball, 7D, EV 91.9 MPH), Distance : 396 ft
Batting: RHB Pat Lloyd 0-0: Ground out 5-3 (Groundball, 56S, EV 85.0 MPH)
Bottom of the 6th over - 1 run, 1 hit, 0 errors, 0 left on base; Buckhead 4 - Houston 1
TOP OF THE 7TH
Buckhead Bowties batting - Pitching for Houston 1837 BBC : RHP Omara Moctar
Batting: LHB Marcus Shill 0-0: Ball
1-0: Foul Ball, location: 2F
1-1: Foul Ball, location: 2F
1-2: SINGLE (Line Drive, 5D, EV 98.1 MPH)
Batting: RHB César Guerra 0-0: Ball
1-0: Foul Ball, location: 2F
1-1: Fly out, F9 (Flyball, 89S, EV 88.8 MPH)
Batting: RHB Emílio Agramónte 0-0: Called Strike
0-1: Ball
1-1: Called Strike
1-2: Grounds into double play, 5-4-3 (Groundball, 56S, EV 88.1 MPH)
Top of the 7th over - 0 runs, 1 hit, 0 errors, 0 left on base; Buckhead 4 - Houston 1
BOTTOM OF THE 7TH
Houston 1837 BBC batting - Pitching for Buckhead Bowties : LHP Ramón Costello
Batting: LHB Seung-soo Ch'ae 0-0: Fly out, F7 (Flyball, 7LMF, EV 97.5 MPH)
Batting: LHB Carlos Medellín 0-0: Called Strike
0-1: Called Strike
0-2: Ground out 1-3 (Groundball, 13, EV 92.5 MPH)
Batting: RHB Krystof Melichar 0-0: Ball
1-0: SINGLE (Line Drive, 34D, EV 101.2 MPH)
Batting: LHB César Gómes 0-0: Ball
Krystof Melichar steals 2nd base
1-0: Foul Ball, location: 2F
1-1: Ground out 3-1 (Groundball, 34, EV 109.4 MPH)
Bottom of the 7th over - 0 runs, 1 hit, 0 errors, 1 left on base; Buckhead 4 - Houston 1
TOP OF THE 8TH
Buckhead Bowties batting - Pitching for Houston 1837 BBC : RHP Omara Moctar
Batting: SHB Arend van der Veen 0-0: Called Strike
0-1: Ground out 6-3 (Groundball, 6, EV 99.4 MPH)
Batting: RHB Barsati Saraf 0-0: Ball
1-0: Foul Ball, location: 2F
1-1: Ground out 5-3 (Groundball, 5, EV 108.1 MPH)
Batting: LHB Badry Maksimenov 0-0: Ball
1-0: Called Strike
1-1: Ball
2-1: DOUBLE (Line Drive, 7LM, EV 109.4 MPH)
Pitching: LHP Chris Sommer
Batting: SHB Henrique de Senna Fernandes 0-0: Ground out 5-3 (Groundball, 56S, EV 69.4 MPH)
Top of the 8th over - 0 runs, 1 hit, 0 errors, 1 left on base; Buckhead 4 - Houston 1
BOTTOM OF THE 8TH
Houston 1837 BBC batting - Pitching for Buckhead Bowties : LHP Ramón Costello
Batting: RHB Joey Trifone 0-0: Called Strike
0-1: Ball
1-1: Ball
2-1: Foul Ball, location: 2F
2-2: Ground out 5-3 (Groundball, 56, EV 88.1 MPH)
Batting: LHB Javier Seco 0-0: Ball
1-0: Called Strike
1-1: Fly out, F5 (Popup, 5L, EV 66.9 MPH)
Batting: RHB Phil Sherman 0-0: Ball
1-0: Ball
2-0: Called Strike
2-1: Ball
3-1: SINGLE (Flyball, 9LS, EV 90.6 MPH)
Batting: SHB José Pinto 0-0: Fly out, F9 (Flyball, 9, EV 90.6 MPH)
Bottom of the 8th over - 0 runs, 1 hit, 0 errors, 1 left on base; Buckhead 4 - Houston 1
TOP OF THE 9TH
Buckhead Bowties batting - Pitching for Houston 1837 BBC : LHP Chris Sommer
Batting: LHB Shunso Kiyomizu 0-0: Called Strike
0-1: Ball
1-1: Ball
2-1: Ground out 4-3 (Groundball, 4, EV 88.1 MPH)
Batting: LHB Jesús Encarnación 0-0: Ball
1-0: Ball
2-0: Foul Ball, location: 2F
2-1: SINGLE (Line Drive, 9S, EV 108.1 MPH)
Batting: LHB Marcus Shill 0-0: DOUBLE (Line Drive, 89D, EV 103.1 MPH)
Jesús Encarnación to third
Batting: RHB César Guerra 0-0: Called Strike
0-1: TRIPLE (Line Drive, 89XD, EV 110.6 MPH)
Jesús Encarnación scores
Marcus Shill scores
Batting: RHB Emílio Agramónte 0-0: Ball
1-0: Ball
2-0: Ball
3-0: Base on Balls
Batting: SHB Arend van der Veen 0-0: Called Strike
0-1: DOUBLE (Line Drive, 7LS, EV 98.1 MPH)
César Guerra scores
Emílio Agramónte to third
Runner from 3rd tries for Home, SAFE, throw by LF to trailing runner, SAFE at third!
Pitching: RHP Millard Smith
Batting: RHB Barsati Saraf 0-0: Ball
1-0: Fly out, F4 (Popup, 4M, EV 63.1 MPH)
Batting: LHB Badry Maksimenov 0-0: Called Strike
0-1: Called Strike
0-2: Ball
1-2: Ball
2-2: Ball
3-2: Base on Balls
Batting: SHB Henrique de Senna Fernandes 0-0: Called Strike
0-1: Ball
1-1: Ball
2-1: Swinging Strike
2-2: Ball
3-2: Strikes out looking
Top of the 9th over - 4 runs, 4 hits, 0 errors, 2 left on base; Buckhead 8 - Houston 1
BOTTOM OF THE 9TH
Houston 1837 BBC batting - Pitching for Buckhead Bowties : LHP Ramón Costello
Batting: RHB Pat Lloyd 0-0: Ball
1-0: Ball
2-0: Ground out 1-3 (Groundball, P, EV 80.0 MPH)
Batting: LHB Seung-soo Ch'ae 0-0: Ball
1-0: Called Strike
1-1: Ball
2-1: Swinging Strike
2-2: Hit by Pitch
Batting: LHB Carlos Medellín 0-0: Ball
1-0: Swinging Strike
1-1: Ball
2-1: Ground out 4-3 (Groundball, 34, EV 108.1 MPH)
Seung-soo Ch'ae to second
Batting: RHB Krystof Melichar 0-0: Ball
1-0: Ball
2-0: Ball
3-0: Foul Ball, location: 2F
3-1: Called Strike
3-2: SINGLE (Groundball, 6MD, EV 94.4 MPH)
Seung-soo Ch'ae to third
Seung-soo Ch'ae scores
Batting: LHB César Gómes 0-0: Ball
1-0: Ball
2-0: 2-RUN HOME RUN (Flyball, 9D, EV 90.0 MPH), Distance : 393 ft
Pitching: RHP Scott Colorado
Batting: RHB Joey Trifone 0-0: Swinging Strike
0-1: Ball
1-1: Ball
2-1: Called Strike
2-2: Ball
3-2: Strikes out looking
Bottom of the 9th over - 3 runs, 2 hits, 0 errors, 0 left on base; Buckhead 8 - Houston 4
Friday, April 17th, 2020 - OOTP Baseball 20.8 Build 74